 Dungeon Crawl Stone Soup version 0.23-b1 (webtiles) character file.

Game seed: 5501268638242488299

85 OniHtar the Grave Robber (level 4, -1/30 HPs)
             Began as a Mummy Necromancer on Jan 30, 2019.
             Shot with a stone by a goblin (3 damage)
             ... on level 3 of the Dungeon.
             The game lasted 00:09:21 (1686 turns).

OniHtar the Grave Robber (Mummy Necromancer)        Turns: 1686, Time: 00:09:22

Health: -1/30      AC:  9    Str: 11    XL:     4   Next: 25%
Magic:  0/9        EV: 12    Int: 15    God:
Gold:   88         SH:  0    Dex: 12    Spells: 6/10 levels left

rFire    . . .     SeeInvis .   b - +0 short sword (protect)
rCold    + + .     Gourm    .   (no shield)
rNeg     + + +     Faith    .   a - +0 robe
rPois    ∞         Spirit   .   (no helmet)
rElec    .         Reflect  .   (no cloak)
rCorr    .         Harm     .   (no gloves)
MR       .....                  (no boots)
Stlth    ++........             (no amulet)
HPRegen  0.10/turn              e - ring of protection from cold
MPRegen  0.11/turn              f - ring of protection from fire

@: protection aura
A: no food or potions, fire vulnerability, cold resistance 1, negative energy
resistance 3, torment resistance, unbreathing
a: no special abilities


You were on level 3 of the Dungeon.
You were not hungry.

You visited 1 branch of the dungeon, and saw 3 of its levels.

You collected 88 gold pieces.

Inventory:

Hand Weapons
 b - a +0 short sword of protection (weapon)
Armour
 a - a +0 robe (worn)
Jewellery
 e - a ring of protection from cold (left hand)
 f - a ring of protection from fire (right hand)
 g - an uncursed ring of protection from cold
Scrolls
 c - a scroll of remove curse
 d - a scroll of teleportation {unknown}


   Skills:
 + Level 0.1 Fighting
 + Level 0.3 Short Blades
 + Level 1.6 Dodging
 + Level 1.6 Stealth
 + Level 3.9 Spellcasting
 + Level 5.1 Necromancy


You had 6 spell levels left.
You knew the following spells:

 Your Spells              Type           Power        Failure   Level  Hunger
a - Pain                  Necr           ###.         2%          1    N/A
b - Vampiric Draining     Necr           ###.......   7%          3    N/A

Your spell library contained the following spells:

 Spells                   Type           Power        Failure   Level  Hunger
 Animate Skeleton         Necr           N/A          2%          1    N/A
 Animate Dead             Necr           N/A          22%         4    N/A
 Regeneration             Chrm/Necr      Unusable     N/A         3    N/A

Dungeon Overview and Level Annotations

Branches:
Dungeon (3/15)

Altars:
Okawaru


Innate Abilities, Weirdness & Mutations

You do not eat or drink.
Your flesh is vulnerable to fire.
You are immune to poison.
Your flesh is cold resistant. (rC+)
You are immune to negative energy. (rN+++)
You are immune to unholy pain and torment.
You can survive without breathing.


Message History

The centaur is heavily wounded.
The centaur closely misses you.
You closely miss the centaur.
The centaur is heavily wounded.
The centaur hits you.
A goblin comes into view.
The centaur misses you.
You closely miss the centaur.
The centaur is heavily wounded.
The centaur misses you.
The goblin shouts!
You hit the centaur.
The centaur is severely wounded.
The centaur hits you!
The goblin wields a +0 hunting sling.
The goblin shoots a stone.
The stone hits you.
* * * LOW HITPOINT WARNING * * *
The centaur hits you.
* * * LOW HITPOINT WARNING * * *
The centaur barely misses you.
The goblin shoots a stone.
The stone hits you.
You die...

###+### ....... #
....... #.
###..?# #######
#.##(cZ.# ......#
#####...@#...#
...<..#
#g.......#.......
......#
#.######.#.......
####..#
#.######.####+###
#..#
#.............#
#..#
#.†#####.######
#..###..# #%#
#.......# #.#
#...............


You could see a centaur, a goblin and an adder skeleton.

Vanquished Creatures
  2 adders
  An ooze (D:1)
  A worm (D:3)
  A dart slug (D:2)
  2 leopard geckos
  2 orcs (D:2)
  4 bats
  3 giant cockroaches
  9 goblins
  10 hobgoblins
  2 ball pythons
  3 frilled lizards
  4 kobolds (D:1)
  4 rats
48 creatures vanquished.

Notes
Turn   | Place    | Note
-------+----------+-------------------------------------------
     0 | D:1      | OniHtar the Mummy Necromancer began the quest for the Orb.
     0 | D:1      | Reached XP level 1. HP: 13/13 MP: 4/4
    62 | D:1      | Reached XP level 2. HP: 19/19 MP: 1/5
   407 | D:2      | Reached XP level 3. HP: 23/24 MP: 5/7
  1171 | D:2      | Learned a level 3 spell: Vampiric Draining
  1251 | D:2      | Reached skill level 5 in Necromancy
  1302 | D:2      | Reached XP level 4. HP: 23/30 MP: 0/9
  1390 | D:2      | Found an iron altar of Okawaru.
  1664 | D:3      | Noticed a centaur
  1686 | D:3      | Shot with a stone by a goblin

Skill      XL: |  1  2  3 |
---------------+----------+-----
Spellcasting   | 3 |  3.9
Necromancy     | 5 |  5.1
Fighting       | |  0.1
Short Blades   | |  0.3
Dodging        | |  1.6
Stealth        | |  1.6

Action                   |  1- 3 |  4- 6 || total
-------------------------+-------+-------++-------
Melee: Short sword       |    51 |    25 ||    76
 Cast: Pain              |    55 |     5 ||    60
       Vampiric Draining |     4 |     3 ||     7
  Use: Scroll            |     2 |       ||     2
Armor: Robe              |    19 |     6 ||    25
Dodge: Dodged            |    57 |    20 ||    77
